 Dungeon Crawl Stone Soup version 0.21.1-1-g345015fe64 (webtiles) character file.

129 Htamos the Magician (level 4, -6/33 HPs)
             Began as a Demigod Wizard on July 11, 2018.
             Killed from afar by Losbrottos's ghost (22 damage)
             ... with a stone arrow
             ... on level 3 of the Dungeon.
             The game lasted 00:04:56 (3409 turns).

Htamos the Magician (Demigod Wizard)                Turns: 3409, Time: 00:04:56

Health: -6/33      AC:  4    Str: 10    XL:     4   Next: 58%
Magic:  12/13      EV: 12    Int: 24    God:
Gold:   139        SH:  0    Dex: 14    Spells: 10/11 levels left

rFire    . . .     SeeInvis .   (no weapon)
rCold    + . .     Gourm    .   (no shield)
rNeg     . . .     Faith    .   l - +0 leather armour (curse)
rPois    .         Spirit   .   b - +0 hat
rElec    .         Reflect  .   (no cloak)
rCorr    .         Harm     .   i - +0 pair of gloves
MR       .....                  (no boots)
Stlth    ++........             (no amulet)
HPRegen  0.11/turn              t - ring of protection from cold
MPRegen  0.13/turn              (no ring)

@: no status effects
A: high mp 1
a: no special abilities


You were on level 3 of the Dungeon.
You were not hungry.

You visited 1 branch of the dungeon, and saw 3 of its levels.

You collected 139 gold pieces.

Inventory:

Missiles
 n - a throwing net (quivered)
Armour
 a - a +0 robe
 b - a +0 hat (worn)
 i - a +0 pair of gloves (worn)
 l - a cursed +0 leather armour (worn)
 p - a +0 buckler
Jewellery
 t - a ring of protection from cold (left hand)
Scrolls
 e - a scroll of amnesia {unknown}
 k - a scroll of magic mapping {unknown}
 m - 2 scrolls of remove curse {unknown}
 r - a scroll of teleportation {unknown}
 s - a scroll of fear {unknown}
Potions
 f - a potion of lignification {unknown}
 g - a potion of agility {unknown}
 h - 3 potions of might {unknown}
 j - 2 potions of curing {unknown}
 o - a potion of flight {unknown}
 q - a potion of brilliance {unknown}
Books
 c - a book of Minor Magic

   Spells                             Type                      Level
   a - Magic Dart                     Conjuration                  1
   b - Blink                          Translocation                2
   c - Call Imp                       Summoning                    2
   d - Slow                           Hexes                        2
   e - Conjure Flame                  Conjuration/Fire             3
   f - Mephitic Cloud                 Conjuration/Poison/Air       3
Comestibles
 d - 4 rations
 u - 4 chunks of flesh


   Skills:
 - Level 1.7 Dodging
 - Level 1.7 Stealth
 * Level 4.2 Spellcasting
 * Level 2.4 Conjurations
   Level 0.8 Summonings
   Level 0.8 Translocations


You had 10 spell levels left.
You knew the following spells:

 Your Spells              Type           Power        Failure   Level  Hunger
a - Magic Dart            Conj           ###.         4%          1    None


Dungeon Overview and Level Annotations

Branches:
Dungeon (3/15)

Annotations:
D:3 Losbrottos's ghost, amateur GrEE


Innate Abilities, Weirdness & Mutations

You have an increased reservoir of magic. (+10% MP)


Message History

Aim: Losbrottos's ghost The magic dart hits Losbrottos's ghost.
Losbrottos's ghost lets out a mournful wail.
Casting: Magic Dart
Confirm with . or Enter, or press ? or * to list all spells.
Aiming: Magic Dart
Press: ? - help, Shift-Dir - straight line, f/p - Losbrottos's ghost
Aim: Losbrottos's ghost The magic dart hits Losbrottos's ghost.
Losbrottos's ghost is lightly damaged.
Things that are here:
a dagger; a goblin corpse Losbrottos's ghost ripples.
Losbrottos's ghost gestures at you while chanting.
The stone arrow hits you!
Ouch! That really hurt!
Losbrottos's ghost casts a spell at you.
The stone arrow hits you!
Ouch! That really hurt!
You die...

# .# .. ###.#
.. #...# ###.
######@# ....
#....#.# ###..
#....#.#
#.#..##..# #.#
#........# #W#
#.#....#.###.#
#.##.#.W...# #
#W.#W#######
#.##รท#.#..
.#########


You could see Losbrottos's ghost.

Vanquished Creatures
  3 gnolls (D:3)
  3 adders
  A worm (D:2)
  2 dart slugs (D:1)
  4 giant cockroaches
  11 goblins
  6 hobgoblins
  5 jackals (D:1)
  7 kobolds
  A ball python (D:2)
  10 bats
  7 frilled lizards
  4 rats
64 creatures vanquished.

Notes
Turn   | Place    | Note
-------+----------+-------------------------------------------
     0 | D:1      | Htamos the Demigod Wizard began the quest for the Orb.
     0 | D:1      | Reached XP level 1. HP: 14/14 MP: 6/6
   215 | D:1      | Reached skill level 1 in Conjurations
   232 | D:1      | Reached skill level 3 in Spellcasting
   342 | D:1      | Reached XP level 2. HP: 8/20 MP: 0/8
  1524 | D:1      | Reached XP level 3. HP: 10/26 MP: 0/10
  2179 | D:2      | Found an ornate altar of the Wu Jian Council.
  2204 | D:2      | Found a sparkling altar of Nemelex Xobeh.
  2380 | D:2      | Found an iron altar of Okawaru.
  2397 | D:2      | Found an opulent altar of Gozag.
  2905 | D:3      | Reached skill level 4 in Spellcasting
  2939 | D:3      | Reached XP level 4. HP: 33/33 MP: 0/13
  3376 | D:3      | Noticed Losbrottos's ghost (amateur GrEE)
  3409 | D:3      | Killed from afar by Losbrottos's ghost

Skill      XL: |  1  2  3 |
---------------+----------+-----
Conjurations   | 1 2 |  2.4
Spellcasting   | 3 4 |  4.2
Dodging        | |  1.7
Stealth        | |  1.7
Summonings     | |  0.8
Translocations | |  0.8

Action                   |  1- 3 |  4- 6 || total
-------------------------+-------+-------++-------
Melee: Unarmed           |    43 |    10 ||    53
 Cast: Magic Dart        |   139 |    32 ||   171
  Eat: Chunk             |     6 |     1 ||     7
Armor: Robe              |     9 |       ||     9
       Leather armour    |    10 |     2 ||    12
Dodge: Dodged            |    62 |     6 ||    68
